 Dungeon Crawl Stone Soup version 0.19.5 (webtiles) character file.

25 galech the Grave Robber (level 2, -1/19 HPs)
             Began as a Mummy Necromancer on Mar 22, 2017.
             Slain by Crazy Yiuf
             ... wielding a +3 quarterstaff of chaos
              (4 damage)
             ... on level 2 of the Dungeon.
             The game lasted 00:05:04 (1392 turns).

galech the Grave Robber (Mummy Necromancer)         Turns: 1392, Time: 00:05:05

Health: -1/19      AC:  2    Str: 11    XL:     2   Next: 86%
Magic:  5/5        EV: 12    Int: 14    God:
Gold:   52         SH:  0    Dex: 12    Spells: 2 memorised, 3 levels left

rFire  x . .     SeeInvis .     f - +0 hand axe
rCold  + . .     Gourm    .     a - +0 robe
rNeg   + + +     Faith    .     (no shield)
rPois  ∞         Spirit   .     (no helmet)
rElec  .         Reflect  .     (no cloak)
rCorr  .         Harm     .     (no gloves)
MR     .....                    (no boots)
Stlth  ++........               (no amulet)
                                (no ring)
                                (no ring)

@: very slightly contaminated, invisible
A: no food or potions, fire vulnerability, cold resistance 1, negative energy
resistance 3, torment resistance, unbreathing
a: no special abilities


You were on level 2 of the Dungeon.
You were not hungry.

You visited 1 branch of the dungeon, and saw 2 of its levels.

You collected 52 gold pieces.

Inventory:

Hand Weapons
 f - a +0 hand axe (weapon)
Armour
 a - a +0 robe (worn)
 e - a +0 chain mail
Scrolls
 c - a scroll of fear {unknown}
 d - a scroll of amnesia {unknown}
 g - a scroll of random uselessness {unknown}
Books
 b - a book of Necromancy

   Spells                             Type                      Level
   a - Pain                           Necromancy                   1
   b - Animate Skeleton               Necromancy                   1
   c - Vampiric Draining              Necromancy                   3
   d - Regeneration                   Charms/Necromancy            3
   e - Animate Dead                   Necromancy                   4
   f - Control Undead                 Necromancy                   4


   Skills:
 + Level 1.7 Dodging
 + Level 1.6 Stealth
 - Level 0.7 Unarmed Combat
 + Level 2.4 Spellcasting
 + Level 4.3 Necromancy


You had 3 spell levels left.
You knew the following spells:

 Your Spells              Type           Power        Failure   Level  Hunger
a - Pain                  Necr           ##..         4%          1    N/A
b - Animate Skeleton      Necr           N/A          4%          1    N/A

Dungeon Overview and Level Annotations

Branches:
Dungeon (2/15)

Altars:

Annotations:
D:2 Crazy Yiuf, Sigmund


Innate Abilities, Weirdness & Mutations

You do not eat or drink.
Your flesh is vulnerable to fire.
You are immune to poison.
Your flesh is cold resistant. (rC+)
You are immune to negative energy. (rN+++)
You are immune to unholy pain and torment.
You can survive without breathing.


Message History

You hit Crazy Yiuf.
Crazy Yiuf is heavily wounded.
Crazy Yiuf hits you with a quarterstaff of chaos!
Ouch! That really hurt!
* * * LOW HITPOINT WARNING * * *
You are too injured to fight recklessly!
You are too injured to fight recklessly!
You are too injured to fight recklessly!
You are too injured to fight recklessly!
You are too injured to fight recklessly!
You are too injured to fight recklessly!
You are too injured to fight recklessly!
You are too injured to fight recklessly!
You are too injured to fight recklessly!
You are too injured to fight recklessly!
You are too injured to fight recklessly!
You hit Crazy Yiuf.
Crazy Yiuf is severely wounded.
Crazy Yiuf hits you with a quarterstaff of chaos.
You die...

#....##.#....#.......#
#....##.#%#####..#####
#....##.#.# #...Z#
.....##...# #P.P.#
##...###### ##P..#
.+...'...'# ##.##
##...###### ##Z# #####
#Z## ##@# #g## #'# ...
#...# #)..# #####


You could see Crazy Yiuf, a friendly bat skeleton and a friendly goblin
skeleton.

Vanquished Creatures
  A dart slug (D:1)
  6 goblins
  3 hobgoblins (D:1)
  3 jackals (D:1)
  3 kobolds (D:1)
  2 bats
  A frilled lizard (D:1)
  2 rats (D:1)
21 creatures vanquished.

Notes
Turn   | Place    | Note
-------+----------+-------------------------------------------
     0 | D:1      | galech the Mummy Necromancer began the quest for the Orb.
     0 | D:1      | Reached XP level 1. HP: 13/13 MP: 3/3
   169 | D:1      | Learned a level 1 spell: Animate Skeleton
   567 | D:1      | Reached XP level 2. HP: 15/19 MP: 5/5
  1304 | D:2      | Noticed Sigmund
  1381 | D:2      | Found a runed door.
  1385 | D:2      | Noticed Crazy Yiuf
  1392 | D:2      | Slain by Crazy Yiuf

Action                   || total
-------------------------++-------
Melee: Unarmed           ||   105
       Hand axe          ||    18
 Cast: Animate Skeleton  ||    11
 Stab: Sleeping          ||     3
Armor: Chain mail        ||    51
       Robe              ||     3
Dodge: Dodged            ||    50
